 Dungeon Crawl Stone Soup version 0.24-a0-516-g9de272b (webtiles) character file.

Game seed: 4322164927119599697

11838 silenth the Geomancer (level 11, 0/68 HPs)
             Began as a Deep Elf Earth Elementalist on July 21, 2019.
             Was an Elder of Vehumet.
             Killed by the air
             ... invoked by Gastronok
              (21 damage)
             ... on level 12 of the Dungeon.
             The game lasted 00:28:32 (13766 turns).

silenth the Geomancer (DEEE)                       Turns: 13766, Time: 00:28:33

Health: 0/68       AC: 13    Str:  8    XL:     11   Next: 54%
Magic:  1/27       EV: 22    Int: 30    God:    Vehumet [****..]
Gold:   574        SH:  0    Dex: 15    Spells: 19/30 levels left

rFire    . . .     SeeInvis .   a - +3 spear of No Interval {pierce, Stlth+}
rCold    . . .     Gourm    +   (no shield)
rNeg     . . .     Faith    .   M - +0 steam dragon scales
rPois    .         Spirit   .   A - +2 helmet {Int+3}
rElec    .         Reflect  .   q - +0 cloak
rCorr    .         Harm     .   j - +2 pair of gloves {Str+3}
MR       +....                  V - +0 pair of boots
Stlth    +++++.....             g - amulet of the gourmand
HPRegen  0.21/turn              H - +3 ring of evasion
MPRegen  0.20/turn              S - +3 ring of intelligence

@: slowed, very slow
A: no striking features
a: Renounce Religion


You were on level 12 of the Dungeon.
You worshipped Vehumet.
Vehumet was greatly pleased with you.
You were full.

You visited 2 branches of the dungeon, and saw 13 of its levels.

You collected 574 gold pieces.

Inventory:

Hand Weapons
 a - the +3 spear of No Interval (weapon) {pierce, Stlth+}
   (You found it on level 4 of the Dungeon)

   It inflicts extra damage upon your enemies.
   It makes you more stealthy.
 b - a +2 vampiric falchion
 E - the +5 rapier of Cuot {antimagic, rPois}
   (You found it on level 5 of the Dungeon)

   It reduces the magical energy of the wielder, and disrupts the spells and
   magical abilities of those hit.
   Natural abilities and divine invocations are not affected.
   It protects you from poison.
 R - a +0 quarterstaff
 Y - a +1 long sword of slicing
Missiles
 L - 165 stones (quivered)
 X - a throwing net
Armour
 c - a +0 troll leather armour
 j - a +2 pair of gloves of strength (worn)
 q - a +0 cloak (worn)
 w - the +2 leather armour of Heresy {+Fly rC+}
   (You found it on level 6 of the Dungeon)

   It protects you from cold.
   It lets you fly.
 A - a +2 helmet of intelligence (worn)
 M - +0 steam dragon scales (worn)
 V - a +0 pair of boots (worn)
 Z - the +0 scale mail of the Land of Plenty {rN+ Str-2 Dex+2 SInv}
   (You found it on level 9 of the Dungeon)

   It affects your strength (-2).
   It affects your dexterity (+2).
   It protects you from negative energy.
   It lets you see invisible.
Magical Staves
 d - an uncursed staff of air
 P - an uncursed staff of cold
Jewellery
 g - an amulet of the gourmand (around neck)
 p - an uncursed ring of see invisible
 H - a +3 ring of evasion (left hand)
 S - a +3 ring of intelligence (right hand)
Wands
 N - a wand of digging (11)
 T - a wand of flame (11)
Scrolls
 f - 4 scrolls of amnesia
 i - a scroll of identify
 n - 2 scrolls of fear
 r - a scroll of blinking
 u - a scroll of fog {unknown}
 x - a scroll of immolation {unknown}
 y - a scroll of teleportation
 D - 2 scrolls of enchant weapon
 F - a scroll of brand weapon {unknown}
 G - a scroll of holy word {unknown}
 J - a scroll of summoning {unknown}
 U - a scroll of vulnerability {unknown}
 W - a scroll of torment {unknown}
Potions
 h - 2 potions of mutation
 k - a potion of might
 m - 5 potions of curing
 o - a potion of flight
 s - a potion of cancellation
 t - a potion of haste
 z - 2 potions of berserk rage
 B - 3 potions of brilliance {unknown}
 C - a potion of invisibility
 K - 3 potions of resistance
Miscellaneous
 Q - a fan of gales
Comestibles
 e - 23 rations


   Skills:
 + Level 8.0 Fighting
 + Level 9.9 Dodging
 - Level 7.0 Stealth
 - Level 10.0 Spellcasting
 - Level 6.3 Conjurations
 - Level 1.1 Transmutations
 + Level 10.1 Earth Magic


You had 19 spell levels left.
You knew the following spells:

 Your Spells              Type           Power        Failure   Level  Hunger
a - Sandblast             Erth           ######       1%          1    None
b - Passwall              Tmut/Erth      #####...     1%          2    None
c - Stone Arrow           Conj/Erth      ######       1%          3    None
d - Lee's Rapid Deconstr  Erth           ######....   1%          5    ###....

Your spell library contained the following spells:

 Spells                   Type           Power        Failure   Level  Hunger
 Iskenderun's Battlesphe  Conj/Chrm      ####....     7%          5    ###....
 Sting                    Conj/Pois      ####         1%          1    None
 Mephitic Cloud           Conj/Pois/Air  ####....     1%          3    None
 Apportation              Tloc           ###...       3%          1    None
 Corona                   Hex            ###....      3%          1    None
 Inner Flame              Hex/Fire       ###.....     3%          3    None
 Petrify                  Tmut/Erth      #####...     3%          4    None
 Leda's Liquefaction      Hex/Erth       #####.....   4%          4    None
 Corpse Rot               Necr           N/A          5%          2    None
 Poisonous Vapours        Pois/Air       ###...       5%          2    None
 Slow                     Hex            ###.....     5%          2    None
 Venom Bolt               Conj/Pois      ####......   7%          5    ###....
 Olgreb's Toxic Radiance  Pois           ###.....     10%         4    None
 Portal Projectile        Hex/Tloc       ###...       11%         3    None
 Cause Fear               Hex            ###.......   34%         4    None
 Summon Forest            Summ/Tloc      ###.......   67%         5    ###....
 Hydra Form               Tmut           ###.......   98%         6    #####..
 Summon Hydra             Summ           ###.......   100%        7    ######.
 Disjunction              Tloc           ###.......   100%        8    #######


Dungeon Overview and Level Annotations

Branches:
Dungeon (13/15)            Temple (1/1) D:6
   Lair: D:8-11         Orc: D:9-12      Vaults: D:13-14

Altars:
Ashenzari
Cheibriados
Dithmenos
Elyvilon
Fedhas
Gozag
Hepliaklqana
Kikubaaqudgha
Makhleb
Nemelex Xobeh
Okawaru
Qazlal
Ru
Sif Muna
Trog
Uskayaw
Vehumet
Wu Jian
Xom
Yredelemnul
Zin
The Shining One
Lugonu

Annotations:
D:3 3 runed translucent doors, silenth's ghost, weakling OgGl
D:5 2 transporters, triglyceri's ghost, novice GrEE
D:12 Gastronok
D:13 2 transporters


Message History

Aim: Gastronok, wearing a +1 hat (almost dead)
You reflect Gastronok with the mirror, and the mirror shatters!
Gastronok looks at Gastronok while chanting.
Gastronok resists with almost no effort.
Gastronok bites Gastronok!
You hit Gastronok.
Gastronok is almost dead.
Gastronok chants a spell, wobbling all the while.
Gastronok puts on a burst of speed!
Gastronok bites you!!
* * * LOW HITPOINT WARNING * * *
You feel much better.
An orc priest comes into view. It is wielding a +0 dagger.
You hit Gastronok.
Gastronok is almost dead.
The orc priest calls down the wrath of Beogh upon you.
Beogh smites you!
Gastronok barely misses Gastronok.
Gastronok waves his eye-stalks in wide circles.
The air twists around and strikes you!
You die...

#.. ..... #.#
#.... #. #.# #...
# ####.##.#
##..##. .........
..... ...$.#.#
#.o#
####!.#.#####o.#
........!@ww%).#
######..######.#
#..# #†#
######..######.##
.........†......#
#######.#########
#..............
#.###........##
#.# #........#


You could see Gastronok, an orc warrior and the friendly Gastronok.

Vanquished Creatures
  2 hydras
  Erolcha (D:10)
  Pikel (D:4)
  Joseph (D:7)
  4 trolls
  2 hornets
  Prince Ribbit (D:6)
  4 hippogriffs
  Sigmund (D:5)
  A wraith (D:7)
  A hungry ghost (D:8)
  A steam dragon (D:7)
  A hornet zombie (D:9)
  3 sky beasts
  5 orc warriors
  5 ice beasts
  6 ogres
  3 phantoms
  An eye of draining (D:13)
  2 black bears
  9 centaurs
  3 bullfrogs
  A gnoll sergeant (D:10)
  A water moccasin zombie (D:9)
  A scorpion (D:13)
  4 killer bees (D:9)
  15 wights
  3 howler monkeys
  7 crimson imps
  A centaur zombie (D:6)
  A bullfrog skeleton (D:12)
  5 hounds
  12 orc wizards
  4 bullfrog zombies
  3 orc priests
  A jelly (D:9)
  A centaur skeleton (D:7)
  2 gnoll shamans
  Terence (D:2)
  2 iguanas (D:7)
  Natasha (D:4)
  8 worker ants
  A hound skeleton (D:7)
  A mummy (D:7)
  Robin (D:4)
  19 gnolls
  A howler monkey skeleton (D:8)
  19 adders
  2 shadow imps
  2 oozes
  An adder skeleton (D:8)
  2 dart slugs
  7 leopard geckos
  34 orcs
  A ball python (D:3)
  8 bats
  6 giant cockroaches
  16 goblins
  11 hobgoblins
  5 jackals
  4 quokkas
  5 frilled lizards
  A jackal skeleton (D:9)
  A jackal zombie (D:8)
  8 kobolds
  2 leopard gecko zombies (D:5)
  12 rats
302 creatures vanquished.

Vanquished Creatures (others)
  2 slaves (D:4)
  Natasha (twice) (D:4)
  A gnoll (D:4)
  An adder (D:4)
  An orc (D:7)
  A goblin (D:4)
  A quokka skeleton (D:4)
9 creatures vanquished.

Grand Total: 311 creatures vanquished

Notes
Turn   | Place    | Note
-------+----------+-------------------------------------------
     0 | D:1      | silenth the Deep Elf Earth Elementalist began the quest for
                  | the Orb.
     0 | D:1      | Reached XP level 1. HP: 10/10 MP: 6/6
    33 | D:1      | Reached XP level 2. HP: 11/15 MP: 1/8
   999 | D:2      | Reached skill level 4 in Spellcasting
   999 | D:2      | Reached skill level 4 in Earth Magic
  1037 | D:2      | Reached XP level 3. HP: 19/19 MP: 6/10
  1042 | D:2      | Learned a level 2 spell: Passwall
  1046 | D:2      | Learned a level 3 spell: Stone Arrow
  1059 | D:2      | Found a shadowy altar of Dithmenos.
  1278 | D:2      | Reached skill level 1 in Conjurations
  1283 | D:2      | Reached XP level 4. HP: 24/24 MP: 6/12
  1299 | D:2      | Found a shattered altar of Ashenzari.
  1315 | D:2      | Noticed Terence
  1320 | D:2      | Killed Terence
  1618 | D:2      | Reached skill level 2 in Conjurations
  1620 | D:2      | Reached skill level 5 in Spellcasting
  1746 | D:2      | Reached XP level 5. HP: 28/28 MP: 12/14
  2247 | D:3      | Found an iron altar of Okawaru.
  2598 | D:3      | Found a stormy altar of Qazlal.
  3029 | D:3      | Found a runed translucent gate.
  3029 | D:3      | Found a runed translucent gate.
  3031 | D:3      | Found a runed translucent gate.
  3031 | D:3      | Found an opulent altar of Gozag.
  3032 | D:3      | Noticed an orc warrior
  3032 | D:3      | Noticed silenth's ghost (weakling OgGl)
  3144 | D:4      | Reached skill level 5 in Earth Magic
  3180 | D:4      | Noticed a slave
  3181 | D:4      | Noticed a slave
  3182 | D:4      | Noticed Pikel
  3499 | D:4      | Learned a level 5 spell: Lee's Rapid Deconstruction
  3514 | D:4      | Noticed an ogre
  3521 | D:4      | Killed an ogre
  3521 | D:4      | Reached skill level 3 in Conjurations
  3521 | D:4      | Reached XP level 6. HP: 33/33 MP: 6/16
  3633 | D:4      | Noticed Robin
  3635 | D:4      | Noticed a slave
  3635 | D:4      | Noticed a slave
  3649 | D:4      | Noticed Natasha
  3653 | D:4      | Killed Pikel
  3653 | D:4      | Reached skill level 2 in Fighting
  3653 | D:4      | Reached skill level 6 in Spellcasting
  3653 | D:4      | Reached skill level 4 in Conjurations
  3653 | D:4      | Reached skill level 6 in Earth Magic
  3653 | D:4      | Reached XP level 7. HP: 18/40 MP: 0/19
  3660 | D:4      | Killed Natasha
  3877 | D:4      | Killed Robin
  4079 | D:4      | Noticed Natasha
  4083 | D:4      | Killed Natasha
  4156 | D:4      | Reached skill level 7 in Spellcasting
  4173 | D:4      | Killed Natasha
  4214 | D:4      | Reached XP level 8. HP: 45/45 MP: 15/20
  4318 | D:4      | Got a transparent spear
  4319 | D:4      | Identified the +3 spear of No Interval {pierce, Stlth+}
                  | (You found it on level 4 of the Dungeon)
  4521 | D:5      | Entered Level 5 of the Dungeon
  4533 | D:5      | Reached skill level 3 in Fighting
  4533 | D:5      | Reached skill level 5 in Conjurations
  4652 | D:5      | Got a scorched rapier
  4653 | D:5      | Identified the +5 rapier of Cuot {antimagic, rPois} (You
                  | found it on level 5 of the Dungeon)
  5131 | D:5      | Found a shadowy altar of Dithmenos.
  5179 | D:5      | Reached skill level 7 in Earth Magic
  5444 | D:5      | Found a transporter.
  5446 | D:5      | Found a transporter.
  5465 | D:5      | Reached skill level 8 in Spellcasting
  5677 | D:5      | Noticed Sigmund
  5683 | D:5      | Killed Sigmund
  6017 | D:5      | Found a hide-covered altar of Uskayaw.
  6047 | D:5      | Noticed triglyceri's ghost (novice GrEE)
  6467 | D:6      | Reached skill level 6 in Conjurations
  6484 | D:6      | Reached skill level 4 in Fighting
  6624 | D:6      | Noticed Prince Ribbit
  6632 | D:6      | Killed Prince Ribbit
  6632 | D:6      | Reached XP level 9. HP: 45/52 MP: 13/23
  6887 | D:6      | Found a staircase to the Ecumenical Temple.
  6894 | Temple   | Entered the Ecumenical Temple
  6946 | Temple   | Became a worshipper of Vehumet
  7042 | D:6      | Reached skill level 3 in Stealth
  7042 | D:6      | Reached skill level 9 in Spellcasting
  7044 | D:6      | Reached skill level 3 in Dodging
  7310 | D:6      | Reached skill level 8 in Earth Magic
  7471 | D:6      | Got a polished leather armour
  7538 | D:6      | Identified the +2 leather armour of Heresy {+Fly rC+} (You
                  | found it on level 6 of the Dungeon)
  7662 | D:6      | Reached skill level 4 in Stealth
  7892 | D:7      | Reached skill level 4 in Dodging
  7897 | D:7      | Noticed a six-headed hydra
  7993 | D:7      | Found an ancient bone altar of Kikubaaqudgha.
  8167 | D:7      | Reached * piety under Vehumet
  8167 | D:7      | Offered knowledge of Sting by Vehumet.
  8168 | D:7      | Reached skill level 5 in Fighting
  8382 | D:7      | Noticed Joseph
  8558 | D:7      | Reached skill level 5 in Stealth
  8641 | D:7      | Reached skill level 10 in Spellcasting
  8641 | D:7      | Reached XP level 10. HP: 54/59 MP: 10/26
  8885 | D:7      | Reached skill level 5 in Dodging
  9206 | D:7      | Reached skill level 9 in Earth Magic
  9264 | D:7      | Killed Joseph
  9429 | D:7      | Killed a six-headed hydra
  9429 | D:7      | Reached skill level 6 in Fighting
  9429 | D:7      | Reached skill level 6 in Dodging
  9544 | D:7      | Found an iron altar of Okawaru.
  9597 | D:7      | Found a snail-covered altar of Cheibriados.
  9624 | D:7      | Identified Teodimi's Volume of the Toadstool
  9764 | D:7      | Reached skill level 7 in Dodging
  9871 | D:8      | Offered knowledge of Throw Flame by Vehumet.
  9951 | D:8      | Noticed a five-headed hydra
  9958 | D:8      | Killed a five-headed hydra
  9958 | D:8      | Reached ** piety under Vehumet
  9958 | D:8      | Reached skill level 6 in Stealth
 10313 | D:8      | Found an ornate altar of the Wu Jian Council.
 10414 | D:8      | Reached skill level 8 in Dodging
 10431 | D:8      | Found a sparkling altar of Nemelex Xobeh.
 10746 | D:8      | Reached skill level 7 in Fighting
 11295 | D:9      | Reached skill level 7 in Stealth
 11383 | D:9      | Reached XP level 11. HP: 67/67 MP: 17/27
 11588 | D:9      | Offered knowledge of Searing Ray by Vehumet.
 11859 | D:9      | Got an aquamarine-encrusted scale mail
 11971 | D:9      | Identified the cursed +0 scale mail of the Land of Plenty
                  | {rN+ Str-2 Dex+2 SInv} (You found it on level 9 of the
                  | Dungeon)
 12127 | D:9      | Reached *** piety under Vehumet
 12679 | D:9      | Reached skill level 9 in Dodging
 12764 | D:10     | Entered Level 10 of the Dungeon
 13031 | D:10     | Offered knowledge of Iskenderun's Mystic Blast by Vehumet.
 13039 | D:10     | Noticed Erolcha
 13043 | D:10     | Killed Erolcha
 13361 | D:10     | You fall into a shaft and drop 3 floors!
 13362 | D:13     | Noticed a tengu warrior
 13362 | D:13     | Noticed a tengu warrior
 13362 | D:13     | Noticed a white ugly thing
 13364 | D:13     | Noticed a harpy
 13365 | D:13     | Noticed a catoblepas
 13380 | D:13     | Found a transporter.
 13380 | D:13     | Found a transporter.
 13538 | D:13     | Reached **** piety under Vehumet
 13559 | D:13     | Noticed a catoblepas
 13569 | D:12     | Reached skill level 10 in Earth Magic
 13673 | D:12     | Offered knowledge of Iskenderun's Battlesphere by Vehumet.
 13678 | D:12     | Noticed a green ugly thing
 13680 | D:12     | Found a corrupted altar of Lugonu.
 13681 | D:12     | Noticed a thrashing horror
 13738 | D:12     | Reached skill level 8 in Fighting
 13744 | D:12     | Noticed Gastronok
 13766 | D:12     | Killed from afar by Gastronok

Levels and vault maps discovered:
D:1:      minmay_arrival_checkered_box, layout_loops_ring, st_stairs_11,
          grunt_decor_arrowhead, chequers_serial_rivers_micro_e
D:2:      layout_basic, nicolae_ashenzari_panopticon, first_ration,
          nicolae_dithmenos_through_a_glass_darkly, uniq_terence
D:3:      layout_loops_corners, nicolae_overflow_hidden_temple,
          ebering_ghost_gozag, lemuel_statue_altar
D:4:      layout_basic, minmay_misc_feat_enclosed, uniq_robin, uniq_natasha,
          uniq_pikel
D:5:      layout_layer_cave, kennysheep_mini, marbit_many_paths,
          gammafunk_ghost_smash, uniq_sigmund
D:6:      layout_loops_corners, minmay_temple_entry_grid, uniq_prince_ribbit1
D:7:      minmay_the_grid_octo_triangle [minmay_the_grid_octo_checkered,
          minmay_the_grid_octo_prize_ultimate_mussel_roller,
          minmay_the_grid_octo_vomiting_pacman], layout_rooms,
          kennysheep_little_box, slow_altar_2, kiku_gazebo_pond_becter,
          uniq_joseph
D:8:      layout_basic, old_standard_altar, basic_altar
D:9:      layout_gridville
D:10:     layout_roguey, basic_altar, uniq_erolcha
D:12:     gammafunk_corrupted_shrine, layout_basic, uniq_gastronok
D:13:     layout_cave_pools, gammafunk_ghost_hive, special_room
          [special_room_orc], hangedman_pestilent_swarm, hangedman_aviary
Temple:   nicolae_temple_great_sept

Skill      XL: |  1  2  3  4  5  6  7  8  9 10 11 |
---------------+----------------------------------+-----
Spellcasting   | 4 5 6 7 8 10 | 10.0
Earth Magic    | 4 5 6 7 8 9 10 | 10.1
Conjurations   | 1 2 3 4 6 |  6.3
Fighting       | 2 4 5 7 8 |  8.0
Stealth        | 5 7 |  7.0
Dodging        | 4 8 9 |  9.9
Transmutations | |  1.1

Action                   |  1- 3 |  4- 6 |  7- 9 | 10-12 || total
-------------------------+-------+-------+-------+-------++-------
Melee: Unarmed           |     9 |       |       |       ||     9
       Spear             |    38 |    55 |   136 |   166 ||   395
       Falchion          |       |       |       |     1 ||     1
 Cast: Sandblast         |    31 |    58 |    42 |    12 ||   143
       Stone Arrow       |       |    10 |    86 |   212 ||   308
       Passwall          |       |     1 |       |       ||     1
       Lee's Rapid Decon |       |       |       |     1 ||     1
Evoke: Phantom mirror    |       |       |       |     1 ||     1
  Use: Scroll            |       |     6 |     9 |    11 ||    26
       Potion            |       |       |       |     2 ||     2
 Stab: Sleeping          |     2 |       |     7 |     9 ||    18
       Distracted        |       |       |     1 |       ||     1
  Eat: Chunk             |     1 |     7 |     3 |    18 ||    29
       Ration            |       |       |     4 |     1 ||     5
Armor: Robe              |     8 |    10 |    28 |       ||    46
       Leather armour    |       |       |     6 |     2 ||     8
       Steam dragon scal |       |       |       |    58 ||    58
Dodge: Dodged            |    31 |    48 |   103 |   267 ||   449
       Rpst.: Falchion   |       |       |       |     1 ||     1

Table legend:
 A = Non-vault XP
 B = Vault XP
 C = Vault XP percentage of total XP
 D = Non-vault monster count
 E = Vault monster count
 F = Vault count percentage of total count
                 A         B        C        D         E       F
            +---------+---------+-------+---------+---------+-------
      Total |   11994 |    4918 |  29.1 |     266 |      36 |  11.9
            +---------+---------+-------+---------+---------+-------
        D:1 |      25 |       9 |  26.5 |      14 |       3 |  17.6
        D:2 |     158 |      38 |  19.4 |      38 |       1 |   2.6
        D:3 |      61 |       0 |   0.0 |      18 |       0 |   0.0
        D:4 |     528 |     732 |  58.1 |      12 |      13 |  52.0
        D:5 |     724 |     223 |  23.5 |      22 |       1 |   4.3
        D:6 |    1428 |     277 |  16.2 |      28 |       1 |   3.4
        D:7 |    1130 |    2589 |  69.6 |      23 |      14 |  37.8
        D:8 |    2596 |       0 |   0.0 |      32 |       0 |   0.0
        D:9 |    2441 |       0 |   0.0 |      45 |       0 |   0.0
       D:10 |    1294 |     982 |  43.1 |      18 |       1 |   5.3
       D:12 |    1054 |       0 |   0.0 |       8 |       0 |   0.0
       D:13 |     555 |      68 |  10.9 |       8 |       2 |  20.0
            +---------+---------+-------+---------+---------+-------
